 Adventure DCSS version bcrawl-1.27.3 (webtiles) character file.

Game seed: 13467424716447534138

72129 galech the Shield-Bearer (level 2, 24/24 HPs)
             Began as a Demonspawn Fighter on July 31, 2020.
             Quit the game on level 3 of the Dungeon.
             The game lasted 00:02:04 (1905 turns).

galech the Shield-Bearer (Demonspawn Fighter)       Turns: 1905, Time: 00:02:05

Health: 24/24      AC:  8    Str: 16    XL:     2   Next: 93%
Magic:  2/2        EV:  5    Int: 10    God:
Gold:   122        SH:  9    Dex: 13    Spells: 1/1 levels left
                                        Lives:  0   Deaths: 2

rFire    . . .     SeeInvis .   p - +0 broad axe
rCold    . . .     Gourm    .   c - +0 medium shield
rNeg     . . .     Faith    .   b - +0 scale mail
rPois    .         Spirit   .   (no helmet)
rElec    .         Reflect  .   (no cloak)
rCorr    .         Harm     .   (no gloves)
MR       .....                  (no boots)
Stlth    ..........             f - amulet of the acrobat
HPRegen  0.08/turn              (no ring)
MPRegen  0.08/turn              (no ring)

@: no status effects
A: yellow scales 1, powered by death 1
a: no special abilities


You were on level 3 of the Dungeon.
You were not hungry.

You visited 1 branch of the dungeon, and saw 3 of its levels.

You collected 122 gold pieces.

Inventory:

Hand Weapons
 p - a +0 broad axe (weapon)
Armour
 b - a +0 scale mail (worn)
 c - a +0 medium shield (worn)
Jewellery
 f - an amulet of the acrobat (around neck)
 r - the ring "Iskism" {Fire rElec, unknown}
   (You found it on level 2 of the Dungeon)

   [ring of fire]

   It enhances your fire magic.
   It protects you from fire.
   It makes you vulnerable to cold.
   It insulates you from electricity.
 s - the ring of the Raven {Fire rPois, unknown}
   (You found it on level 2 of the Dungeon)

   [ring of fire]

   It enhances your fire magic.
   It protects you from fire.
   It makes you vulnerable to cold.
   It protects you from poison.
Scrolls
 h - 4 scrolls of identify
 j - a scroll of fear {unknown}
 k - a scroll of enchant armour {unknown}
 m - a scroll of amnesia {unknown}
 n - 2 scrolls of remove curse {unknown}
 o - a scroll of noise {unknown}
 q - a scroll of fog {unknown}
 t - a scroll of magic mapping {unknown}
Potions
 d - a potion of might
 g - 2 potions of agility {unknown}
 i - a potion of curing {unknown}
 l - a potion of berserk rage {unknown}
Comestibles
 a - 6 chunks of flesh
 e - 5 rations {!d}


   Skills:
 + Level 3.3 Fighting
 + Level 2.9 Axes
 + Level 3.1 Armour
 + Level 1.1 Dodging
 + Level 3.6 Shields


You had one spell level left.
You didn't know any spells.
Your spell library was empty.

Dungeon Overview and Level Annotations

Branches:
Dungeon (3/12)

Altars:
Ashenzari

Annotations:
D:2 1 runed door


Innate Abilities, Weirdness & Mutations

You are partially covered in yellow scales. (AC +2)
You regenerate a little health from kills.


Message History

The orc priest hits you but does no damage.
The leopard gecko bites you.
* * * LOW HITPOINT WARNING * * *
You barely miss the orc priest.
The orc priest is almost dead.
Your shield prevents you from hitting the leopard gecko.
The orc priest hits you with a +0 short sword.
* * * LOW HITPOINT WARNING * * *
The leopard gecko barely misses you. The orc priest barely misses you.
You closely miss the orc priest.
The orc priest is almost dead.
You closely miss the leopard gecko. You block the leopard gecko's attack.
The orc priest invokes the aid of Beogh against you.
Pain shoots through your body!
You die...
You block the leopard gecko's attack.
Xom reaches out...
You are now level 2!
You rejoin the land of the living...
Are you sure you want to abandon this character and quit the game? (Confirm with "yes".)

#.# #.# .# #
###.######.###.# # #
##.#............#
####.####.....>.(.#.##..#
.............##...#.##l.#.#
.>............##.##.o†.$..#
.#...###...........).#..###
#
.#.######....###.##........
.##
.#............##@##...######
#.# .#..#######...........#
#.. .#..# #.....#..#.#.# #.#
.#..# ##.#.#..#.#.#.# #.#
.#..# ##..(......#.#.# #o#
....####...#.#.#..#.#.# #)#
...............#..#.#.# #)#
.#######.....###..#)#.# #.#
.# ####..###(÷#.#)########.#


There were no monsters in sight!

Vanquished Creatures
  An orc wizard (D:3)
  An adder (D:3)
  3 oozes
  5 worms
  2 leopard geckos
  9 orcs (D:3)
  2 giant cockroaches (D:2)
  A goblin (D:1)
  5 hobgoblins
  3 jackals (D:1)
  A quokka (D:3)
  2 ball pythons
  9 bats
  3 frilled lizards
  5 kobolds
  4 rats
56 creatures vanquished.

Notes
Turn   | Place    | Note
-------+----------+-------------------------------------------
     0 | D:1      | galech the Demonspawn Fighter began the quest for the Orb.
     0 | D:1      | Reached XP level 1. HP: 18/18 MP: 1/1
   285 | D:1      | Found a shattered altar of Ashenzari.
   293 | D:1      | Gained mutation: You are partially covered in yellow
                  | scales. (AC +2) [demonic ancestry]
   293 | D:1      | Reached XP level 2. HP: 24/24 MP: 2/2
   967 | D:2      | Reached XP level 3. HP: 29/29 MP: 3/3
  1245 | D:2      | Found a runed door.
  1320 | D:2      | Got a twitching copper ring
  1368 | D:2      | Got a translucent golden ring
  1424 | D:2      | Found a faded altar of an unknown god.
  1640 | D:3      | Gained mutation: You regenerate a little health from kills.
                  | [demonic ancestry]
  1640 | D:3      | Reached XP level 4. HP: 28/35 MP: 4/4
  1728 | D:3      | Reached skill level 1 in Dodging
  1851 | D:3      | Killed from afar by an orc priest
  1852 | D:3      | Reached XP level 3. HP: -8/29 MP: 3/3
  1904 | D:3      | Killed from afar by an orc priest
  1905 | D:3      | Reached XP level 2. HP: -3/24 MP: 2/2
  1905 | D:3      | Quit the game

Skill      XL: |  1  2  3  4 |
---------------+-------------+-----
Shields        | 3 |  3.6
Axes           | 2 |  2.9
Armour         | 3 |  3.1
Dodging        | 1 |  1.1
Fighting       | |  3.3

Action                   |  1- 3 |  4- 6 || total
-------------------------+-------+-------++-------
Melee: War axe           |    85 |       ||    85
       Broad axe         |    91 |    46 ||   137
  Eat: Chunk             |     9 |     2 ||    11
Armor: Scale mail        |   152 |    22 ||   174
Dodge: Dodged            |    54 |    15 ||    69
Block: Medium shield     |   108 |    19 ||   127
